 Dungeon Crawl Stone Soup version 0.31.0-32-g396128a36d (webtiles) character file.

Game seed: 6718243112194706182

126 Glalom the Sneak (level 5, -1/30 HPs)
             Began as a Vine Stalker Brigand on Mar 28, 2024.
             Slain by an orc
             ... wielding a +1 war axe of freezing
              (4 damage)
             ... on level 3 of the Dungeon.
             The game lasted 00:07:22 (1631 turns).

Glalom the Sneak (Vine Stalker Brigand)             Turns: 1631, Time: 00:07:22

Health: -1/30      AC:  4    Str: 13    XL:     5   Next: 10%
Magic:  0/6        EV: 11    Int: 11    God:
Gold:   84         SH:  0    Dex: 18    Spells: 4/4 levels left

rFire   . . .        a - +2 dagger
rCold   . . .        (no shield)
rNeg    . . .        o - +0 leather armour
rPois   .            (no helmet)
rElec   .            c - +0 cloak
rCorr   .            (no gloves)
SInv    .            (no boots)
Will    .....        (no amulet)
Stlth   +++          (no ring)
HPRegen 1.05/turn    (no ring)
MPRegen 0.10/turn

%: guardian spirit
@: no status effects
A: fangs 2, regeneration 1, magic shield, antimagic bite, no potion heal 2
a: no special abilities


You were on level 3 of the Dungeon.
You visited 1 branch of the dungeon, and saw 3 of its levels.

You collected 84 gold pieces.

Inventory:

Hand Weapons
 a - a +2 dagger (weapon)
Missiles
 d - 8 poisoned darts (quivered)
 e - 3 curare-tipped darts
Armour
 b - a +0 robe
 c - a +0 cloak (worn)
 o - a +0 leather armour (worn)
Scrolls
 f - 2 scrolls of identify {unknown}
 j - 2 scrolls of revelation {unknown}
 k - a scroll of fear {unknown}
 l - a scroll of blinking {unknown}
 m - a scroll of enchant weapon {unknown}
 n - a scroll of immolation {unknown}
Potions
 g - a potion of attraction {unknown}
 h - a potion of haste {unknown}
 i - a potion of lignification {unknown}


   Skills:
 + Level 4.6 Fighting
 - Level 1.7 Short Blades
 - Level 1.7 Throwing
 - Level 0.7 Dodging
 - Level 4.8 Stealth


You had 4 spell levels left.
You didn't know any spells.
Your spell library contained the following spells:

 Spells                   Type           Power      Damage    Failure   Level
 Lesser Beckoning         Tloc           0%         N/A       56%         2
 Gell's Gravitas          Tloc           0%         N/A       80%         3
 Teleport Other           Tloc           0%         N/A       80%         3
 Summon Blazeheart Golem  Fire/Summ      0%         N/A       99%         4
 Orb of Destruction       Conj           0%         9d5       100%        7
 Spellforged Servitor     Conj/Summ      0%         N/A       100%        7


Dungeon Overview and Level Annotations

Branches:
Dungeon (3/15)

Altars:

Annotations:
D:3 Robin


Innate Abilities, Weirdness & Mutations

You have extremely sharp teeth.
Your natural rate of healing is unusually fast.
When hurt, damage is shared between your health and your magic reserves.
Your bite disrupts and absorbs the magic of your enemies.
Potions cannot restore your health.


Message History

You see here a poisoned dart.
The orc attacks as it pursues you!
The orc hits you with a +1 war axe of freezing!
* * * LOW HITPOINT WARNING * * *
The orc freezes you.
* * * LOW HITPOINT WARNING * * *
The orc attacks as it pursues you! The orc closely misses you.
The orc attacks as it pursues you! The orc closely misses you.
You see here a poisoned dart.
Throw: 10 darts (poison)
Press: ? - help, Q - select action, (/) - cycle Shift-Dir - straight line, f/p - orc
Aim: an orc, wielding a +1 war axe of freezing (severely wounded, 60% to hit)
You throw a poisoned dart. The poisoned dart hits the orc.
The orc is severely wounded.
The orc closely misses you.
Throw: 9 darts (poison)
Press: ? - help, Q - select action, (/) - cycle Shift-Dir - straight line, f/p - orc
Aim: an orc, wielding a +1 war axe of freezing (severely wounded, 60% to hit)
You throw a poisoned dart.
The poisoned dart barely misses the orc.
The orc hits you but does no damage. The orc attacks as it pursues you!
The orc hits you with a +1 war axe of freezing.
The orc freezes you.
You see here a poisoned dart.
The orc attacks as it pursues you! The orc closely misses you.
You see here a poisoned dart.
The orc attacks as it pursues you! The orc barely misses you.
The orc attacks as it pursues you!
The orc hits you with a +1 war axe of freezing.
The orc freezes you. The orc attacks as it pursues you!
The orc hits you with a +1 war axe of freezing.
The orc freezes you.
Robin of the Strong Arm comes into view.
They are wielding a +0 short sword and wearing the +4 helmet of Juthrootte {Will+ Int+3 Dex+5}.
The orc attacks as it pursues you!
The orc hits you with a +1 war axe of freezing!
* * * LOW HITPOINT WARNING * * *
The orc freezes you.
You die...

.##########.####.....##
....<.........#)......#
...†.÷................#
.##.).................######
....)......................#
##...........##.#..........#
#...........##.#..........#
##..........##o#(.........#
#.....#######.@..........#
.........................#####
........#####.#..............#
#####.#.#....(.......#
....g...#............#
#.....#.##...........#
..###...##........[..#
##...)...........#
#?(###..........#


You could see Robin and an orc.

Vanquished Creatures
  An orc priest (D:3)
  4 adders
  A ribbon worm (D:2)
  8 orcs
  9 ball pythons
  3 endoplasms
  4 goblins
  6 hobgoblins
  A quokka (D:1)
  3 bats
  3 frilled lizards
  5 kobolds
  5 rats
53 creatures vanquished.

Notes
Turn   | Place    | Note
-------+----------+-------------------------------------------
     0 | D:1      | Glalom the Vine Stalker Brigand began the quest for the
                  | Orb.
     0 | D:1      | Reached XP level 1. HP: 11/11 MP: 2/2
   278 | D:1      | Reached XP level 2. HP: 16/16 MP: 3/3
   790 | D:2      | Reached XP level 3. HP: 20/20 MP: 4/4
  1093 | D:2      | Reached XP level 4. HP: 25/25 MP: 5/5
  1431 | D:3      | HP: 1/25 [orc priest/+0 whip (3)]
  1438 | D:3      | Reached XP level 5. HP: 8/30 MP: 0/6
  1630 | D:3      | Identified the +4 helmet of Juthrootte {Will+ Int+3 Dex+5}
  1630 | D:3      | Noticed Robin
  1631 | D:3      | Slain by an orc

Illustrated notes

Levels and vault maps discovered:
D:1:      minmay_arrival_doors, layout_basic, st_stairs_10
D:2:      layout_rooms
D:3:      layout_rooms, st_stairs_2, amcnicky_mini_rare_corridor_liquid,
          minmay_joined_circles, uniq_robin

Skill      XL: |  1  2  3  4 |
---------------+-------------+-----
Fighting       | 2 3 4 |  4.6
Short Blades   | |  1.7
Throwing       | |  1.7
Dodging        | |  0.7
Stealth        | |  4.8

Action                     |  1- 3 |  4- 6 || total
---------------------------+-------+-------++-------
  Melee: Dagger            |    79 |    84 ||   163
         Bite              |    15 |    25 ||    40
         Punch             |       |     1 ||     1
  Throw: Dart              |       |     6 ||     6
   Stab: Sleeping          |    11 |     1 ||    12
 Armour: Robe              |    35 |       ||    35
         Leather armour    |       |    92 ||    92
  Dodge: Dodged            |    37 |    61 ||    98
